Map: Acropolis LE

Players

Smeeeger - Winner!

  • Race: Zerg Zerg
  • League: Platinum
  • Spawn Location: 5:00

fenix

  • Race: Zerg Zerg
  • League: Platinum
  • Spawn Location: 11:00

VOD

Have the link to the VOD?

Description

Time

  • Played on: July 12, 2019, 6 p.m.
  • Length: 10:58
Show
View Real Time Build Order
Export as new Build Order

Smeeeger Zerg - Winner!

Build Orders: Hatch First 

Get SALT Encoding   

  12  0:01  Drone  
  13  0:17  Overlord  
  13  0:18  Drone  
  14  0:35  Drone  
  14  0:36  Drone  
  14  0:40  Drone  
  17  0:51  Drone  
  18  1:01  Hatchery  
  17  1:09  Spawning Pool  
  16  1:12  Drone  
  16  1:17  Drone  
  18  1:23  Drone  
  19  1:25  Extractor  
  18  1:45  Drone  
  18  1:46  Overlord  
  19  1:56  Queen  
  19  1:58  Zergling x2  
  22  2:05  Zergling x2  
  23  2:12  Queen  
  23  2:13  Zergling x2  
  26  2:20  Drone  
  27  2:40  Drone x2  
  27  2:41  Drone x2  
  31  2:46  Overlord  
  31  2:48  Queen  
  33  2:57  Drone x2  
  35  3:04  Metabolic Boost  
  35  3:10  Hatchery  
  35  3:12  Drone  
  35  3:13  Drone x4  
  39  3:27  Queen  
  39  3:29  Drone  
  39  3:30  Drone x2, Overlord  
  39  3:33  Overlord  
  44  3:37  Extractor  
  44  3:38  Drone  
  44  3:40  Extractor  
  43  3:51  Drone  
  43  3:52  Drone x2  
  43  3:53  Drone x3  
  49  4:08  Roach Warren  
  49  4:09  Evolution Chamber  
  47  4:12  Zergling x2  
  47  4:13  Zergling x4  
  50  4:18  Drone x2  
  50  4:19  Drone  
  50  4:20  Overlord  
  50  4:21  Overlord  
  47  4:39  Zergling x12  
  51  4:48  Roach x2  
  51  4:49  Roach x2  
  57  4:53  Queen  
  57  4:56  Roach x6  
  71  5:04  Roach x3  
  76  5:12  Drone x2, Overlord  
  78  5:15  Queen  
  80  5:22  Zerg Missile Weapons Level 1  
  80  5:24  Lair  
  80  5:26  Roach  
  81  5:31  Drone x2  
  81  5:32  Drone x2  
  85  5:48  Overlord x3  
  85  5:52  Roach  
  85  5:53  Roach  
  89  6:06  Overlord  
  89  6:07  Roach x2  
  89  6:08  Roach x4  
  97  6:11  Roach x2  
  97  6:12  Roach  
  97  6:13  Roach  
  97  6:15  Drone  
  97  6:16  Drone  
  107  6:33  Drone x5  
  107  6:34  Glial Reconstitution  
  112  6:43  Drone  
  112  6:44  Drone x4  
  117  6:47  Extractor  
  117  6:48  Spore Crawler  
  117  6:50  Spore Crawler  
  117  6:51  Spore Crawler, Drone x3  
  117  6:53  Pneumatized Carapace  
  117  6:54  Drone, Extractor  
  115  6:55  Drone x2, Extractor  
  115  6:59  Roach x2  
  121  7:11  Drone  
  122  7:16  Spine Crawler  
  122  7:17  Spine Crawler  
  122  7:22  Spine Crawler  
  119  7:28  Overlord x3  
  119  7:29  Overlord x2  
  111  7:56  Spore Crawler  
  111  7:57  Spore Crawler  
  103  7:59  Spore Crawler  
  103  8:00  Spore Crawler, Roach  
  103  8:02  Spore Crawler x2  
  103  8:04  Hydralisk Den  
  82  8:14  Queen x3  
  76  8:21  Spore Crawler  
  76  8:23  Drone x3  
  76  8:26  Drone x5  
  71  8:27  Drone  
  71  8:28  Drone x2  
  74  8:35  Overlord x3  
  74  8:44  Spore Crawler, Hydralisk x4  
  74  8:47  Grooved Spines  
  81  8:48  Hydralisk  
  81  8:49  Hydralisk  
  85  8:56  Hydralisk x2  
  85  8:57  Hydralisk  
  91  9:13  Hydralisk x2  
  91  9:14  Hydralisk x5  
  91  9:15  Hydralisk  
  98  9:17  Hydralisk x2  
  98  9:24  Hydralisk x3  
  98  9:27  Hydralisk  
  106  9:39  Queen  
  106  9:44  Zergling x2  
  106  9:45  Zergling x12  
  115  10:02  Hatchery  
  114  10:10  Overlord x3  
  114  10:15  Infestation Pit  
  114  10:18  Evolution Chamber  
  114  10:19  Baneling Nest  
Show
View Real Time Build Order
Export as new Build Order

fenix Zerg 

Build Orders: Hatch First 

Get SALT Encoding   

  12  0:03  Drone  
  13  0:09  Drone  
  14  0:35  Hatchery  
  13  0:38  Drone  
  14  0:47  Extractor  
  13  0:58  Spawning Pool  
  13  1:03  Drone  
  13  1:06  Drone  
  14  1:15  Overlord  
  14  1:29  Extractor  
  14  1:31  Drone  
  14  1:38  Drone x2  
  16  1:48  Drone x2  
  18  2:00  Drone x2  
  20  2:08  Metabolic Boost  
  20  2:21  Queen  
  22  2:28  Drone  
  23  2:30  Drone  
  23  2:35  Drone  
  25  2:40  Drone  
  25  2:42  Drone  
  27  2:49  Overlord  
  27  3:03  Overlord x2  
  27  3:06  Extractor  
  27  3:08  Extractor  
  25  3:15  Baneling Nest  
  24  3:20  Zergling x6  
  24  3:21  Zergling x2  
  28  3:27  Drone x2  
  30  3:36  Drone x2  
  32  3:48  Drone x2  
  35  3:55  Zergling x2  
  35  3:57  Drone  
  36  4:11  Zergling x2  
  36  4:12  Zergling x2  
  36  4:13  Baneling x2  
  38  4:18  Zergling x4  
  38  4:23  Queen  
  42  4:27  Lair  
  40  4:39  Zergling x8  
  40  4:44  Zergling x2  
  42  4:56  Zergling x4  
  40  5:07  Baneling x2  
  40  5:08  Baneling x2  
  40  5:20  Drone x3  
  43  5:22  Overlord x2  
  43  5:23  Overlord  
  42  5:40  Zergling x6  
  45  5:46  Spire, Zergling x4  
  46  5:54  Drone  
  46  5:55  Drone  
  46  6:32  Hatchery  
  45  6:41  Overlord  
  45  6:59  Mutalisk x9  
  63  7:04  Mutalisk  
  65  7:09  Mutalisk  
  65  7:15  Mutalisk  
  69  7:24  Drone x3  
  72  7:43  Mutalisk  
  72  7:44  Mutalisk x4  
  73  7:55  Mutalisk x3  
  73  8:06  Drone x2  
  73  8:07  Drone  
  64  8:29  Drone x6  
  64  8:32  Zerg Flyer Weapons Level 1  
  70  8:39  Drone  
  69  9:01  Drone x3  
  69  9:02  Drone  
  57  9:22  Drone x4  
  51  9:31  Drone  
  50  9:35  Zergling x4  
  52  9:39  Queen x2  
  52  9:41  Hatchery  
  55  9:54  Drone x3  
  58  10:00  Drone  
  58  10:05  Drone  
  58  10:06  Extractor  
  59  10:08  Hatchery  
  59  10:11  Drone  
  59  10:23  Zergling x2  
  59  10:24  Zergling x2  
  61  10:28  Zergling x4  
  61  10:34  Baneling x4  
Tags
 
Add a new tag
Caveats
  • Supply blocks, unpowered buildings, or Contaminate may cause inaccurate times.
  • Supply counts are checked every 10 seconds.